 Dungeon Crawl Stone Soup version 0.23-a0-356-g1757c6e (webtiles) character file.

102 Hilur the Magician (level 4, -5/38 HPs)
             Began as a Gnoll Wanderer on Oct 21, 2018.
             Was an Initiate of Nemelex Xobeh.
             Killed from afar by Natasha (6 damage)
             ... with a magic dart
             ... on level 2 of the Dungeon.
             The game lasted 00:07:23 (2024 turns).

Hilur the Magician (Gnoll Wanderer)                 Turns: 2024, Time: 00:07:25

Health: -5/38      AC:  7    Str: 14    XL:     4   Next: 78%
Magic:  11/11      EV: 11    Int: 17    God:    Nemelex Xobeh [......]
Gold:   178        SH:  0    Dex: 13    Spells: 11/13 levels left

rFire    . . .     SeeInvis .   j - +0 mace (protect)
rCold    . . .     Gourm    .   (no shield)
rNeg     . . .     Faith    .   a - +0 ring mail
rPois    .         Spirit   .   o - +1 helmet
rElec    .         Reflect  .   (no cloak)
rCorr    .         Harm     .   (no gloves)
MR       .....                  (no boots)
Stlth    +.........             (no amulet)
HPRegen  0.12/turn              (no ring)
MPRegen  0.12/turn              (no ring)

@: flying
A: distributed training, fangs 1, strong nose
a: Renounce Religion


You were on level 2 of the Dungeon.
You worshipped Nemelex Xobeh.
Nemelex Xobeh was noncommittal.
You were hungry.

You visited 1 branch of the dungeon, and saw 2 of its levels.

You collected 178 gold pieces.

Inventory:

Hand Weapons
 j - a +0 mace of protection (weapon)
 p - a +0 hunting sling
 s - a +0 fustibalus
Missiles
 l - 35 stones (quivered)
 r - 24 arrows
Armour
 a - a +0 ring mail (worn)
 o - a +1 helmet (worn)
Scrolls
 e - 3 scrolls of remove curse {unknown}
 h - 2 scrolls of identify {unknown}
 i - a scroll of enchant weapon {unknown}
 k - 2 scrolls of random uselessness {unknown}
 m - 3 scrolls of amnesia {unknown}
 q - a scroll of teleportation {unknown}
 t - a scroll of noise {unknown}
Potions
 b - a potion of ambrosia {unknown}
 d - a potion of haste {unknown}
 g - a potion of flight
 n - a potion of might {unknown}
Comestibles
 f - 4 rations


   Skills:
 + Level 4.7 Fighting
 + Level 1.2 Short Blades
 + Level 1.2 Long Blades
 + Level 1.2 Axes
 + Level 1.2 Maces & Flails
 + Level 1.2 Polearms
 + Level 1.2 Staves
 + Level 1.2 Slings
 + Level 1.2 Bows
 + Level 1.2 Crossbows
 + Level 1.2 Throwing
 + Level 1.2 Armour
 + Level 2.8 Dodging
 + Level 2.6 Stealth
 + Level 2.8 Shields
 + Level 1.2 Unarmed Combat
 + Level 5.1 Spellcasting
 + Level 1.0 Conjurations
 + Level 1.0 Hexes
 + Level 1.0 Charms
 + Level 1.0 Summonings
 + Level 1.0 Necromancy
 + Level 3.9 Translocations
 + Level 1.0 Transmutations
 + Level 1.0 Fire Magic
 + Level 1.0 Ice Magic
 + Level 1.0 Air Magic
 + Level 2.3 Earth Magic
 + Level 1.0 Poison Magic
 + Level 1.3 Invocations
 + Level 1.2 Evocations


You had 11 spell levels left.
You knew the following spells:

 Your Spells              Type           Power        Failure   Level  Hunger
a - Blink                 Tloc           N/A          9%          2    #......

Your spell library contained the following spells:

 Spells                   Type           Power        Failure   Level  Hunger
 Flame Tongue             Conj/Fire      #....        19%         1    None
 Magic Dart               Conj           #...         19%         1    None
 Call Imp                 Summ           #.......     28%         2    #......
 Slow                     Hex            #.......     28%         2    #......
 Conjure Flame            Conj/Fire      #.......     50%         3    ###....
 Mephitic Cloud           Conj/Pois/Air  #.......     50%         3    ###....


Dungeon Overview and Level Annotations

Branches:
Dungeon (2/15)

Altars:
Cheibriados
Gozag
Kikubaaqudgha
Nemelex Xobeh
Ru

Annotations:
D:2 Natasha


Innate Abilities, Weirdness & Mutations

Your experience applies equally to all skills.
You have very sharp teeth.
Your uncanny sense of smell can sniff out nearby items.


Message History

* * * LOW HITPOINT WARNING * * *
Natasha claws you.
* * * LOW HITPOINT WARNING * * *
The kobold hits you but does no damage.
You feel better.
You feel yourself speed up. The white imp gestures at you.
The puff of frost hits you! Natasha claws you but does no damage.
The kobold barely misses you. The white imp gestures at you.
The puff of frost hits you!
* * * LOW HITPOINT WARNING * * *
There isn't anything to butcher here.
It was a potion of flight.
You feel very buoyant.
You fly up into the air.
Natasha casts a spell at you. The magic dart hits you!
You die...
Your body disappears without a glow.

...#. ##..#..........
#.#. h.............⌠
#... .##.#..#.......
#.#.##h##.......#._..
#.#....K.............
#....#.##.####÷......
#.##.#.##.####..#####
######.##K#(##.......#
........(@h(######...#
## #########5###
#<..####. ####### #..#
#...#.... #.....#
##.#######..)#....
#.....####
###.##.............
#........#
#..................
#.....##.#
#.#.##>............
#.....##.#
#.#.#####.#........
########.###....#
#.#..÷.####


You could see Natasha, a white imp and a kobold.

Vanquished Creatures
  A hound skeleton (D:2)
  3 gnolls (D:2)
  An adder (D:2)
  An ooze (D:1)
  A worm (D:2)
  A dart slug (D:2)
  A leopard gecko (D:1)
  8 hobgoblins
  3 bats
  4 frilled lizards
  12 goblins
  4 kobolds
  3 rats
43 creatures vanquished.

Vanquished Creatures (others)
  A quokka (D:2)
  A kobold (D:2)
2 creatures vanquished.

Grand Total: 45 creatures vanquished

Notes
Turn   | Place    | Note
-------+----------+-------------------------------------------
     0 | D:1      | Hilur the Gnoll Wanderer began the quest for the Orb.
     0 | D:1      | Hilur set off with: a potion of curing, a +0 robe, a +0
                  | club, a ration
     0 | D:1      | Reached XP level 1. HP: 20/20 MP: 6/6
   415 | D:1      | Reached XP level 2. HP: 21/26 MP: 7/7
   449 | D:1      | Learned a level 2 spell: Blink
  1261 | D:1      | Reached XP level 3. HP: 24/31 MP: 9/9
  1400 | D:2      | Found a sacrificial altar of Ru.
  1400 | D:2      | Found a sparkling altar of Nemelex Xobeh.
  1405 | D:2      | Found a snail-covered altar of Cheibriados.
  1408 | D:2      | Reached skill level 5 in Spellcasting
  1410 | D:2      | Found an ancient bone altar of Kikubaaqudgha.
  1410 | D:2      | Found an opulent altar of Gozag.
  1420 | D:2      | Became a worshipper of Nemelex Xobeh the Trickster
  1435 | D:2      | Reached skill level 1 in Invocations
  1440 | D:2      | Reached skill level 1 in Short Blades
  1440 | D:2      | Reached skill level 1 in Long Blades
  1440 | D:2      | Reached skill level 1 in Axes
  1440 | D:2      | Reached skill level 1 in Maces & Flails
  1440 | D:2      | Reached skill level 1 in Polearms
  1440 | D:2      | Reached skill level 1 in Staves
  1440 | D:2      | Reached skill level 1 in Slings
  1440 | D:2      | Reached skill level 1 in Bows
  1440 | D:2      | Reached skill level 1 in Crossbows
  1440 | D:2      | Reached skill level 1 in Throwing
  1440 | D:2      | Reached skill level 1 in Armour
  1440 | D:2      | Reached skill level 1 in Unarmed Combat
  1440 | D:2      | Reached skill level 1 in Evocations
  1440 | D:2      | Reached XP level 4. HP: 14/38 MP: 11/11
  1683 | D:2      | Received a gift from Nemelex Xobeh
  1958 | D:2      | Reached skill level 1 in Conjurations
  1958 | D:2      | Reached skill level 1 in Hexes
  1958 | D:2      | Reached skill level 1 in Charms
  1958 | D:2      | Reached skill level 1 in Summonings
  1958 | D:2      | Reached skill level 1 in Necromancy
  1958 | D:2      | Reached skill level 1 in Transmutations
  1958 | D:2      | Reached skill level 1 in Fire Magic
  1958 | D:2      | Reached skill level 1 in Ice Magic
  1958 | D:2      | Reached skill level 1 in Air Magic
  1958 | D:2      | Reached skill level 1 in Poison Magic
  2008 | D:2      | Noticed Natasha
  2023 | D:2      | HP: 1/38 [white imp/puff of frost[Natasha] (9)]
  2024 | D:2      | Killed from afar by Natasha

Vault maps used:
D:1:      saegor_arrival_miasma, minivault_25
D:2:      grunt_temple_overflow_open, first_ration, wad_floor_pattern_untrapped,
          uniq_natasha

Skill      XL: |  1  2  3  4 |
---------------+-------------+-----
Earth Magic    | 2 |  2.3
Spellcasting   | 5 |  5.1
Invocations    | 1 |  1.3
Short Blades   | 1 |  1.2
Long Blades    | 1 |  1.2
Axes           | 1 |  1.2
Maces & Flails | 1 |  1.2
Polearms       | 1 |  1.2
Staves         | 1 |  1.2
Slings         | 1 |  1.2
Bows           | 1 |  1.2
Crossbows      | 1 |  1.2
Throwing       | 1 |  1.2
Armour         | 1 |  1.2
Unarmed Combat | 1 |  1.2
Evocations     | 1 |  1.2
Conjurations   | 1 |  1.0
Hexes          | 1 |  1.0
Charms         | 1 |  1.0
Summonings     | 1 |  1.0
Necromancy     | 1 |  1.0
Transmutations | 1 |  1.0
Fire Magic     | 1 |  1.0
Ice Magic      | 1 |  1.0
Air Magic      | 1 |  1.0
Poison Magic   | 1 |  1.0
Fighting       | |  4.7
Dodging        | |  2.8
Stealth        | |  2.6
Shields        | |  2.8
Translocations | |  3.9

Action                   |  1- 3 |  4- 6 || total
-------------------------+-------+-------++-------
Melee: Club              |    77 |       ||    77
       Bite              |     9 |     4 ||    13
       Mace              |    36 |    25 ||    61
 Fire: Hunting sling     |       |    19 ||    19
Evoke: Deck              |       |    10 ||    10
  Use: Potion            |       |     2 ||     2
 Stab: Sleeping          |     1 |     1 ||     2
  Eat: Chunk             |     1 |     2 ||     3
Armor: Robe              |     2 |       ||     2
       Ring mail         |    37 |    21 ||    58
Dodge: Dodged            |    79 |    24 ||   103

Table legend:
 A = Non-vault XP
 B = Vault XP
 C = Vault XP percentage of total XP
 D = Non-vault monster count
 E = Vault monster count
 F = Vault count percentage of total count
                 A         B        C        D         E       F
            +---------+---------+-------+---------+---------+-------
      Total |     147 |       0 |   0.0 |      45 |       0 |   0.0
            +---------+---------+-------+---------+---------+-------
        D:1 |      35 |       0 |   0.0 |      18 |       0 |   0.0
        D:2 |     112 |       0 |   0.0 |      27 |       0 |   0.0
            +---------+---------+-------+---------+---------+-------
